 Dungeon Crawl Stone Soup version 0.26-a0-651-gb41185065b (webtiles) character file.

Game seed: 5644376519817038897

68 kae the Ruffian (level 4, -1/35 HPs)
             Began as a Draconian Transmuter on Oct 8, 2020.
             Hit by a goblin thrown by Robin (2 damage)
             ... on level 2 of the Dungeon.
             The game lasted 00:01:29 (1274 turns).

kae the Ruffian (Draconian Transmuter)              Turns: 1274, Time: 00:01:30

Health: -1/35      AC:  6    Str: 13    XL:     4   Next: 1%
Magic:  3/7        EV: 12    Int: 13    God:
Gold:   44         SH:  0    Dex: 12    Spells: 5/8 levels left

rFire    . . .     SeeInvis .     - Unarmed
rCold    . . .     Faith    .   (no shield)
rNeg     . . .     Spirit   .   (armour unavailable)
rPois    .         Reflect  .   (helmet currently unavailable)
rElec    +         Harm     .   (no cloak)
rCorr    .         Rampage  .   (no gloves)
MR       .....                  (boots currently unavailable)
Stlth    +.........             (no amulet)
HPRegen  0.11/turn              (no ring)
MPRegen  0.10/turn              (no ring)

@: appendages, wereblooded
A: unfitting armour, horns 2, talons 2, shaggy fur 1, electricity resistance,
cold-blooded, AC +5
a: End Transformation


You were on level 2 of the Dungeon.
You had grown temporary horns.
You had grown temporary talons.
You visited 1 branch of the dungeon, and saw 2 of its levels.

You collected 44 gold pieces.

Inventory:

Scrolls
 d - a scroll of fog
Potions
 b - a potion of brilliance


   Skills:
 - Level 1.1 Fighting
 - Level 1.7 Dodging
 * Level 4.0 Unarmed Combat
 + Level 2.6 Spellcasting
 + Level 2.7 Transmutations


You had 5 spell levels left.
You knew the following spells:

 Your Spells              Type           Power        Failure   Level
a - Beastly Appendage     Tmut           #.....       8%          1
b - Wereblood             Tmut           #.......     12%         2

Your spell library contained the following spells:

 Spells                   Type           Power        Failure   Level
 Spider Form              Tmut/Pois      #.........   38%         3
 Ice Form                 Ice/Tmut       #.......     80%         4
 Blade Hands              Tmut           #.........   91%         5


Dungeon Overview and Level Annotations

Branches:
Dungeon (2/15)

Altars:

Annotations:
D:2 Robin


Innate Abilities, Weirdness & Mutations

Your plain brown scales are hard. (AC +5)
You cannot fit into any form of body armour.
You are cold-blooded and may be slowed by cold attacks.
You have a pair of horns on your head.
You have razor-sharp toenails.
You are covered in fur. (AC +1)
You are resistant to electric shocks. (rElec)


Message History

Your blood is infused with primal strength.
The goblin closely misses you. The goblin hits you.
* * * LOW HITPOINT WARNING * * *
The goblin hits you with a +0 dagger.
* * * LOW HITPOINT WARNING * * *
The goblin hits you.
* * * LOW HITPOINT WARNING * * *
You punch the goblin!
You kill the goblin!
You have reached level 4!
You feel agile. The goblin hits you with a +0 dagger.
* * * LOW HITPOINT WARNING * * *
As you read the scroll labeled OXU YZEASEKK, it crumbles to dust.
The creatures around you are filled with an inner flame!
It was a scroll of immolation.
You howl as the wereblood boils in your veins!
The goblin barely misses you. Robin throws the goblin at you!
You die...

##### #...# #.#.#
####.#g# #....#@#
#)####.# # #####.# #g#
#. #))(..# #.#
#.##.########g#
#.#.>†(.g.g...#g###
#..........g†..g.......
#...†#...(......###....
####.#.##....#.## ##


You could see Robin (inner flame), 2 hobgoblins and 2 goblins.

Vanquished Creatures
  3 adders (D:2)
  A dart slug (D:2)
  A leopard gecko (D:2)
  A giant cockroach (D:1)
  8 goblins
  5 hobgoblins
  7 kobolds
  6 bats (D:1)
  2 frilled lizards
  6 rats
40 creatures vanquished.

Notes
Turn   | Place    | Note
-------+----------+-------------------------------------------
     0 | D:1      | kae the Draconian Transmuter began the quest for the Orb.
     0 | D:1      | Reached XP level 1. HP: 16/16 MP: 3/3
   119 | D:1      | Reached XP level 2. HP: 21/23 MP: 5/5
   186 | D:1      | Learned a level 2 spell: Wereblood
  1157 | D:2      | Reached XP level 3. HP: 15/28 MP: 3/6
  1210 | D:2      | Reached skill level 4 in Unarmed Combat
  1211 | D:2      | Noticed Robin
  1248 | D:2      | Gained mutation: You are covered in fur. (AC +1) [potion of
                  | mutation]
  1248 | D:2      | Gained mutation: You are weak. (Str -2) [potion of
                  | mutation]
  1248 | D:2      | Lost mutation: You are weak. (Str -2) [potion of mutation]
  1248 | D:2      | Gained mutation: You are resistant to electric shocks.
                  | (rElec) [potion of mutation]
  1272 | D:2      | Reached XP level 4. HP: 3/35 MP: 3/7
  1272 | D:2      | HP: 1/35 [goblin/+0 dagger[Robin] (2)]
  1274 | D:2      | Hit by a goblin thrown by Robin

Illustrated notes

Levels and vault maps discovered:
D:1:      minmay_arrival_four_loops, layout_rooms, st_stairs_3,
          minmay_misc_feat_chi
D:2:      layout_basic, lemuel_zombie_altar_yredelemnul, uniq_robin,
          uniq_crazy_yiuf_cottage

Skill      XL: |  1  2  3 |
---------------+----------+-----
Unarmed Combat | 4 |  4.0
Fighting       | |  1.1
Dodging        | |  1.7
Spellcasting   | |  2.6
Transmutations | |  2.7

Action                   |  1- 3 |  4- 6 || total
-------------------------+-------+-------++-------
Melee: Unarmed           |   102 |       ||   102
       Headbutt          |     8 |       ||     8
       Kick              |    12 |       ||    12
       Tailslap          |     5 |       ||     5
 Cast: Beastly Appendage |    14 |       ||    14
       Wereblood         |     5 |       ||     5
  Use: Scroll            |     3 |     1 ||     4
       Potion            |     2 |       ||     2
 Stab: Invisible         |     4 |       ||     4
Armor: Skin              |    28 |       ||    28
Dodge: Dodged            |    96 |     1 ||    97

Table legend: (Time is in decaauts)
 A = Elapsed time spent in this place.
 B = Non-inter-level travel time spent in this place.
 C = Inter-level travel time spent in this place.
 D = Time resting spent in this place.
 E = Time spent auto-exploring this place.
 F = Levels seen in this place.
 G = Mean time per level.
                   A        B        C        D        E       F      G
               +--------+--------+--------+--------+--------+-----+--------+
         Total |   1268 |   1209 |     59 |    311 |    621 |   2 |  634.0 |
       Dungeon |   1268 |   1209 |     59 |    311 |    621 |   2 |  634.0 |
               +--------+--------+--------+--------+--------+-----+--------+

Top non-repeatable levels by time:
     D:1: 1105 daAuts
     D:2: 162 daAuts
